 Dungeon Crawl Stone Soup version 0.30-a0-639-g3916f1956a (webtiles) character file.

Game seed: 18252779568395709343

16543 timneilson the Carver (level 12, -1/91 HPs)
             Began as a Demonspawn Gladiator on Jan 16, 2023.
             Was an Elder of Qazlal.
             Slain by a red ugly thing (16 damage)
             ... on level 12 of the Dungeon.
             The game lasted 00:22:59 (11159 turns).

timneilson the Carver (Demonspawn Gladiator)       Turns: 11159, Time: 00:23:00

Health: -1/91      AC: 27    Str: 25    XL:     12   Next: 11%
Magic:  17/17      EV: 15    Int: 11    God:    Qazlal [****..]
Gold:   746        SH:  5    Dex: 14    Spells: 11/11 levels left

rFire   . . .      SeeInvis .    E - +1 scimitar (flame)
rCold   . . .      Faith    .    (no shield)
rNeg    + . .      Spirit   .    J - +0 plate armour
rPois   .          Reflect  .    (helmet restricted)
rElec   .          Harm     .    o - +0 cloak
rCorr   .          Rampage  .    b - +1 pair of gloves
Will    +++..      Clarity  +    (no boots) Stlth
                                 G - amulet of the Four Winds {rN+ Will+++ Clar}
HPRegen 0.35/turn                x - +6 ring of strength
MPRegen 0.15/turn                q - +5 ring of evasion

@: sanguine armoured, repel missiles
A: horns 1, foul stench 2, icemail 2, sanguine armour 2, condensation shield
a: Renounce Religion, Upheaval, Elemental Force


You were on level 12 of the Dungeon.
You worshipped Qazlal.
Qazlal was greatly pleased with you.
You visited 2 branches of the dungeon, and saw 13 of its levels.

You collected 746 gold pieces.

Inventory:

Hand Weapons
 a - a +1 long sword of electrocution
 C - a +0 scimitar
 E - a +1 scimitar of flaming (weapon)
Missiles
 d - 6 throwing nets (quivered)
 e - 8 javelins
Armour
 b - a +1 pair of gloves (worn)
 o - a +0 cloak (worn)
 J - a +0 plate armour (worn)
Jewellery
 n - a +4 ring of protection
 q - a +5 ring of evasion (right hand)
 u - a ring of willpower
 v - an amulet of reflection
 x - a +6 ring of strength (left hand)
 F - a ring of positive energy
 G - the amulet of the Four Winds (around neck) {rN+ Will+++ Clar}
   (You found it on level 10 of the Dungeon)

   [amulet of nothing]

   rN:        It protects you from negative energy.
   Clar:      It protects you against confusion.
   Will:      It greatly increases your willpower.
Wands
 h - a wand of polymorph (7)
 w - a wand of flame (20)
Scrolls
 c - 2 scrolls of fog
 f - 7 scrolls of fear
 i - 3 scrolls of enchant armour
 j - 2 scrolls of blinking
 s - a scroll of enchant weapon
 t - 5 scrolls of teleportation
 y - 3 scrolls of poison
 H - a scroll of identify
Potions
 g - a potion of heal wounds
 k - a potion of brilliance
 l - 5 potions of lignification
 m - 5 potions of curing
 p - a potion of haste
 r - 2 potions of might
 z - a potion of mutation
 A - 2 potions of cancellation
 I - a potion of flight


   Skills:
 + Level 7.6 Fighting
 * Level 10.0 Long Blades
 - Level 1.7 Throwing
 * Level 9.4 Armour
 + Level 7.3 Dodging
 + Level 7.1 Invocations
 + Level 6.8 Evocations


You had 11 spell levels left.
You didn't know any spells.
Your spell library contained the following spells:

 Spells                   Type           Power      Damage    Failure   Level
 Sting                    Tmut/Pois      0%         1d3       98%         1
 Poisonous Vapours        Pois/Air       0%         N/A       99%         2
 Ozocubu's Armour         Ice            0%         N/A       100%        3
 Olgreb's Toxic Radiance  Pois           0%         N/A       100%        4
 Ozocubu's Refrigeration  Ice            0%         4d7       100%        7


Dungeon Overview and Level Annotations

Branches:
Dungeon (12/15)            Temple (1/1) D:7            Lair (0/5) D:9
    Orc (0/2) D:11

Altars:
Ashenzari
Cheibriados
Dithmenos
Fedhas
Gozag
Hepliaklqana
Kikubaaqudgha
Makhleb
Nemelex Xobeh
Okawaru
Qazlal
Ru
Sif Muna
Trog
Uskayaw
Vehumet
Wu Jian
Xom
Yredelemnul

Shops:
D:2 !([


Innate Abilities, Weirdness & Mutations

You have a pair of small horns on your head.
You sometimes emit foul miasma when damaged in melee.
A meltable icy envelope protects you from harm. (AC +0)
When seriously injured, your blood forms thick armour. (AC +9)
A meltable shield of frost defends you. (SH +0)


Message History

You block the red ugly thing's attack.
You hit the red ugly thing. You headbutt the red ugly thing!
The red ugly thing is heavily wounded.
The red ugly thing punches you but does no damage.
You slash the red ugly thing!
The red ugly thing is severely wounded.
The red ugly thing punches you but does no damage.
You slash the red ugly thing! You burn the red ugly thing.
The red ugly thing is almost dead.
The red ugly thing punches you but does no damage.
You closely miss the red ugly thing. You headbutt the red ugly thing.
The red ugly thing is almost dead.
You hit the red ugly thing but do no damage.
Your headbutt misses the red ugly thing.
The red ugly thing is almost dead.
The red ugly thing punches you but does no damage.
You completely miss the red ugly thing.
The red ugly thing is almost dead.
You block the red ugly thing's attack.
You hit the red ugly thing. You headbutt the red ugly thing.
The red ugly thing is almost dead.
You block the red ugly thing's attack.
You closely miss the red ugly thing.
The red ugly thing is almost dead.
The red ugly thing closely misses you.
You barely miss the red ugly thing.
The red ugly thing is almost dead.
The red ugly thing punches you!
You are engulfed in flames!
Your icy defenses dissipate!
* * * LOW HITPOINT WARNING * * *
You emit a cloud of foul miasma!
You closely miss the red ugly thing.
Your headbutt misses the red ugly thing.
The red ugly thing is almost dead.
The red ugly thing is engulfed in dark miasma.
The red ugly thing is poisoned.
The red ugly thing seems to slow down.
The red ugly thing punches you.
* * * LOW HITPOINT WARNING * * *
You are engulfed in flames!
You die...

###########
#.........#
#.........#
#.........#
#.........#
#...<.....#
#☼°.......#
#.........#
###@........#
#.○u###.#####
#.......#
#..######
##..#
###.####...#
...........#
.........###
###.#......


You could see a red ugly thing (poisoned, slow).

Vanquished Creatures
  Snorg (D:10)
  Harold (D:10)
  A boulder beetle (D:12)
  Erica (D:10)
  2 two-headed ogres
  A death yak (D:8)
  Urug (D:10)
  An orb spider (shapeshifter) (D:10)
  A gargoyle (D:11)
  An unseen horror (D:11)
  2 trolls
  A polar bear (D:7)
  Prince Ribbit (D:6)
  4 wyverns
  11 yaks
  A vampire (D:10)
  2 wraiths
  2 unseen horror simulacra (D:8)
  A steam dragon (D:6)
  4 vampire mosquitoes (D:11)
  A water moccasin (D:7)
  An acid dragon (D:5)
  7 orc warriors
  A swamp drake (D:11)
  4 ice beasts (D:8)
  2 sky beasts
  3 black bears
  6 wolves
  3 ogres
  5 centaurs
  A phantom (D:6)
  2 kobold brigands
  A necrophage (D:6)
  14 wights
  A hornet simulacrum (D:8)
  25 killer bees
  6 electric eels
  8 howler monkeys
  A gnoll bouda (D:8)
  2 orc priests
  A jelly (D:5)
  Crazy Yiuf (D:2)
  9 hounds
  Terence (D:3)
  An iguana (D:6)
  7 orc wizards
  2 centaur simulacra (D:8)
  3 gnolls (D:8)
  9 adders
  2 shadow imps (D:5)
  A white imp (D:8)
  2 ufetubi (D:8)
  A worm (D:4)
  2 dart slugs
  30 orcs
  6 endoplasms
  3 giant cockroaches
  11 goblins
  6 hobgoblins
  13 jackals
  A quokka (D:4)
  6 ball pythons
  6 bats
  2 frilled lizards
  6 kobolds
  6 rats
272 creatures vanquished.

Vanquished Creatures (others)
  A plant (D:7)
1 creature vanquished.

Grand Total: 273 creatures vanquished

Notes
Turn   | Place    | Note
-------+----------+-------------------------------------------
     0 | D:1      | timneilson the Demonspawn Gladiator began the quest for the
                  | Orb.
     0 | D:1      | Reached XP level 1. HP: 16/16 MP: 1/1
   237 | D:1      | Gained mutation: You may rarely emit foul miasma when
                  | damaged in melee. [demonic ancestry]
   237 | D:1      | Reached XP level 2. HP: 22/22 MP: 2/2
   435 | D:1      | Reached skill level 3 in Long Blades
   580 | D:1      | Reached skill level 1 in Armour
   778 | D:2      | Gained mutation: A meltable shield of frost defends you.
                  | (SH +0) [demonic ancestry]
   778 | D:2      | Reached XP level 3. HP: 28/28 MP: 3/3
   840 | D:2      | Found Okiom's Armour Boutique.
   917 | D:2      | Found Emeast's Distillery.
   977 | D:2      | Found Xyetiet's Weapon Shoppe.
  1086 | D:2      | Found a runed translucent door.
  1087 | D:2      | Noticed Crazy Yiuf
  1418 | D:2      | Killed Crazy Yiuf
  1419 | D:2      | Reached XP level 4. HP: 31/34 MP: 4/4
  1987 | D:3      | Noticed Terence
  2057 | D:3      | Killed Terence
  2058 | D:3      | Gained mutation: A meltable icy envelope protects you from
                  | harm. (AC +0) [demonic ancestry]
  2058 | D:3      | Reached XP level 5. HP: 38/39 MP: 5/5
  2708 | D:4      | Reached skill level 4 in Long Blades
  2720 | D:4      | Noticed a black bear
  2726 | D:4      | Killed a black bear
  2727 | D:4      | Reached XP level 6. HP: 43/47 MP: 6/6
  2759 | D:4      | Reached skill level 1 in Evocations
  2928 | D:4      | You fall into a shaft and drop 2 floors!
  3072 | D:5      | Entered Level 5 of the Dungeon
  3155 | D:5      | Gained mutation: You have a pair of small horns on your
                  | head. [demonic ancestry]
  3155 | D:5      | Reached XP level 7. HP: 50/52 MP: 7/7
  3273 | D:5      | Reached skill level 5 in Long Blades
  3776 | D:5      | Gained mutation: You sometimes emit foul miasma when
                  | damaged in melee. [demonic ancestry]
  3776 | D:5      | Reached XP level 8. HP: 46/60 MP: 8/8
  4705 | D:6      | Reached skill level 5 in Armour
  4711 | D:6      | Reached skill level 6 in Long Blades
  4906 | D:6      | Noticed Prince Ribbit
  4914 | D:6      | Killed Prince Ribbit
  5156 | D:7      | Reached XP level 9. HP: 67/67 MP: 9/9
  5160 | D:7      | Reached skill level 5 in Fighting
  5160 | D:7      | Reached skill level 5 in Dodging
  5311 | D:7      | Found a staircase to the Ecumenical Temple.
  5320 | Temple   | Entered the Ecumenical Temple
  5621 | Temple   | Became a worshipper of Qazlal Stormbringer
  5821 | D:7      | Found a blossoming altar of Fedhas.
  5890 | D:7      | Reached skill level 7 in Long Blades
  5890 | D:7      | Reached skill level 1 in Invocations
  6132 | D:7      | Found a shadowy altar of Dithmenos.
  6132 | D:7      | Found a broken altar of Ashenzari.
  6133 | D:7      | Found a hide-covered altar of Uskayaw.
  6406 | D:8      | Noticed a polar bear
  6446 | D:7      | Killed a polar bear
  6527 | D:8      | Reached * piety under Qazlal
  6580 | D:8      | Gained mutation: When seriously injured, your blood forms
                  | armour. (AC +9) [demonic ancestry]
  6580 | D:8      | Reached XP level 10. HP: 17/76 MP: 12/12
  6627 | D:8      | Noticed a death yak
  6647 | D:8      | Killed a death yak
  6651 | D:8      | Reached skill level 5 in Evocations
  6659 | D:8      | Reached skill level 8 in Long Blades
  6702 | D:8      | HP: 1/76 [hornet simulacrum (11)]
  6719 | D:8      | HP: 1/76 [sky beast (5)]
  6990 | D:8      | Noticed a two-headed ogre
  6997 | D:8      | Killed a two-headed ogre
  7284 | D:8      | Reached ** piety under Qazlal
  7816 | D:9      | Found a staircase to the Lair.
  8034 | D:8      | Reached skill level 5 in Invocations
  8037 | D:8      | Gained mutation: A meltable icy envelope protects you from
                  | harm. (AC +0) [demonic ancestry]
  8037 | D:8      | Reached XP level 11. HP: 63/83 MP: 14/14
  8261 | D:9      | Noticed a two-headed ogre
  8270 | D:9      | Killed a two-headed ogre
  8414 | D:9      | Reached skill level 9 in Long Blades
  8431 | D:9      | Reached *** piety under Qazlal
  8674 | D:9      | Identified the +10 rapier "Osoij" {heavy, rPois rF+}
  8970 | D:10     | Entered Level 10 of the Dungeon
  9048 | D:10     | Found a runed translucent door.
  9052 | D:10     | Found the amulet of the Four Winds {rN+ Will+++ Clar}
  9213 | D:10     | Noticed Harold
  9218 | D:10     | Killed Harold
  9366 | D:10     | Noticed Snorg
  9386 | D:10     | Killed Snorg
  9554 | D:10     | Noticed Urug
  9566 | D:10     | Killed Urug
  9864 | D:10     | Noticed Erica
  9875 | D:10     | Killed Erica
 10017 | D:10     | a faun changed into an orb spider
 10017 | D:10     | Noticed an orb spider (shapeshifter)
 10020 | D:10     | Killed an orb spider
 10445 | D:11     | Gained mutation: When seriously injured, your blood forms
                  | thick armour. (AC +9) [demonic ancestry]
 10445 | D:11     | Reached XP level 12. HP: 88/91 MP: 17/17
 10650 | D:11     | Found a staircase to the Orcish Mines.
 10675 | D:11     | Reached **** piety under Qazlal
 10808 | D:11     | Reached skill level 10 in Long Blades
 11101 | D:12     | Noticed a boulder beetle
 11139 | D:12     | Killed a boulder beetle
 11159 | D:12     | Slain by a red ugly thing

Illustrated notes

Levels and vault maps discovered:
D:1:      minmay_arrival_loop, layout_loops_cross
D:2:      layout_basic, serial_shops, shop, shop, shop, uniq_crazy_yiuf_cottage
D:3:      layout_basic, nicolae_hexahallways, uniq_terence
D:4:      layout_loops_cross, elyvilon_altar_4, serial_park_tiny_pond,
          chequers_serial_rivers_micro_e, nicolae_figureground_sparkle
D:5:      minmay_thick_lines, layout_basic, serial_bayou_pond_c,
          chequers_serial_rivers_small_b
D:6:      layout_loops_corners, uniq_prince_ribbit1
D:7:      layout_cave_pools, gammafunk_temple_overflow_forgotten,
          fedhas_ov_isle_minmay, minmay_temple_entry_tees,
          hangedman_decor_slide_cut
D:8:      layout_loops_cross, serial_ice, serial_ice_f, serial_ice_j,
          serial_ice_n, serial_ice_c, serial_ice_d, serial_ice_o, serial_ice_a,
          serial_ice_b, serial_ice_h, serial_ice_e, enter_bailey_3,
          nicolae_concentric_dashed_squares_wild, kennysheep_potato
D:9:      layout_roguey, erik_lair_island, dk_noncrumbling_2
D:10:     layout_irregular_city, kennysheep_path_1, minmay_st_funbox, uniq_urug,
          uniq_erica, uniq_harold, uniq_snorg
D:11:     layout_basic, erik_orc_1
D:12:     layout_rooms, uniq_nergalle
Temple:   minmay_temple_bridge_d

Skill      XL: |  1  2  3  4  5  6  7  8  9 10 11 12 |
---------------+-------------------------------------+-----
Long Blades    | 3 4 5 6 7 8 9 10 | 10.0
Armour         | 1 2 3 4 5 6 8 9 |  9.4
Dodging        | 3 4 5 6 7 |  7.3
Fighting       | 3 4 5 6 7 |  7.6
Evocations     | 1 2 3 4 5 6 |  6.8
Invocations    | 2 5 6 7 |  7.1
Throwing       | |  1.7

Action                   |  1- 3 |  4- 6 |  7- 9 | 10-12 || total
-------------------------+-------+-------+-------+-------++-------
Melee: Long sword        |    94 |   136 |   275 |   343 ||   848
       Punch             |     1 |     4 |     1 |     9 ||    15
       Unarmed           |       |     1 |       |       ||     1
       Headbutt          |       |       |    40 |   137 ||   177
       Scimitar          |       |       |       |   195 ||   195
  Use: Scroll            |     4 |     5 |     5 |     3 ||    17
       Potion            |     2 |       |     4 |     4 ||    10
 Stab: Invisible         |       |       |     3 |       ||     3
       Confused          |       |       |       |     2 ||     2
Armor: Chain mail        |    90 |    68 |   177 |   177 ||   512
       Plate armour      |       |       |       |    15 ||    15
Dodge: Dodged            |    30 |    52 |   297 |   309 ||   688
Block: Other             |    11 |    32 |   104 |   318 ||   465
       Reflection        |       |       |       |     3 ||     3

Table legend: (Time is in decaauts)
 A = Elapsed time spent in this place.
 B = Non-inter-level travel time spent in this place.
 C = Inter-level travel time spent in this place.
 D = Time resting spent in this place.
 E = Time spent auto-exploring this place.
 F = Levels seen in this place.
 G = Mean time per level.
                   A        B        C        D        E       F      G
               +--------+--------+--------+--------+--------+-----+--------+
         Total |  11196 |  10722 |    474 |    614 |   7430 |  13 |  861.2 |
       Dungeon |  10822 |  10497 |    325 |    614 |   7217 |  12 |  901.8 |
        Temple |    374 |    225 |    149 |      0 |    213 |   1 |  374.0 |
               +--------+--------+--------+--------+--------+-----+--------+

Top non-repeatable levels by time:
     D:8: 1330 daAuts
     D:6: 1321 daAuts
     D:7: 1150 daAuts
    D:10: 1147 daAuts
     D:3: 1125 daAuts
     D:5: 991 daAuts
    D:11: 963 daAuts
     D:9: 893 daAuts
     D:2: 789 daAuts
     D:1: 742 daAuts
  Temple: 374 daAuts
     D:4: 309 daAuts
    D:12: 57 daAuts
